 Dungeon Crawl Stone Soup version 0.25.0-9-g26727b657a (webtiles) character file.

Game seed: 10772943515817807879

112956 HoaS the Brawler (level 16, -1/116 HPs)
             Began as a Gargoyle Berserker on June 16, 2020.
             Was the Champion of Trog.
             Slain by an alligator (5 damage)
             ... on level 1 of the Swamp.
             The game lasted 01:14:49 (26650 turns).

HoaS the Brawler (Gargoyle Berserker)              Turns: 26650, Time: 01:14:50

Health: -1/116     AC: 46    Str: 25    XL:     16   Next: 61%
Magic:  16/16      EV:  8    Int: 14    God:    Trog [******]
Gold:   1397       SH:  5    Dex:  9    Spells: 15/15 levels left

rFire    . . .     SeeInvis +     - Unarmed
rCold    . . .     Gourm    .   (no shield)
rNeg     + . .     Faith    .   Q - +2 plate armour {rPois}
rPois    ∞         Spirit   .   N - +1 helmet
rElec    +         Reflect  +   f - +0 cloak "Liejuafo" {SInv}
rCorr    .         Harm     .   t - +1 pair of gloves
MR       +....                  M - +3 pair of boots of Autumn {Int+3}
Stlth    ..........             k - amulet of reflection
HPRegen  0.29/turn              g - +4 ring of protection
MPRegen  0.15/turn              R - +4 ring of protection

@: berserk cooldown, flying, slowed, very slow
A: big wings, blurry vision 1, negative energy resistance 1, electricity
resistance, unbreathing, petrification resistance, rot immunity, AC +12
a: Stop Flying, Berserk, Trog's Hand, Brothers in Arms, Renounce Religion


You were on level 1 of the Swamp.
You worshipped Trog.
Trog was exalted by your worship.
You were near starving.

You visited 4 branches of the dungeon, and saw 24 of its levels.
You also visited: Gauntlet.

You collected 2553 gold pieces.
You spent 1156 gold pieces at shops.

Inventory:

Missiles
 d - 2 throwing nets (quivered)
Armour
 f - the +0 cloak "Liejuafo" (worn) {SInv}
   (You found it on level 5 of the Dungeon)

   It lets you see invisible.
 t - a +1 pair of gloves (worn)
 M - the +3 pair of boots of Autumn (worn) {Int+3}
   (You found it on level 3 of the Lair of Beasts)

   It affects your intelligence (+3).
 N - a +1 helmet (worn)
 Q - a +2 plate armour of poison resistance (worn)
Jewellery
 g - a +4 ring of protection (left hand)
 k - an amulet of reflection (around neck)
 z - an uncursed ring of resist corrosion
 B - an uncursed ring of ice
 C - an uncursed ring of stealth
 P - an uncursed ring of ice
 R - a +4 ring of protection (right hand)
 S - an uncursed ring of protection from magic
 T - an uncursed ring of protection from cold
Wands
 c - a wand of polymorph (19)
 n - a wand of iceblast (23)
 o - a wand of acid (22)
 p - a wand of random effects (45)
 q - a wand of disintegration (13)
 s - a wand of digging (5)
 x - a wand of flame (25)
 y - a wand of clouds (7)
 L - a wand of paralysis (8)
Scrolls
 a - 11 scrolls of remove curse
 e - 14 scrolls of identify
 i - 11 scrolls of teleportation
 r - 2 scrolls of fear
 u - 4 scrolls of magic mapping
 D - 3 scrolls of fog
 I - 7 scrolls of enchant armour
 K - a scroll of blinking
Potions
 h - 3 potions of berserk rage
 j - 3 potions of resistance
 l - 2 potions of heal wounds
 m - 3 potions of ambrosia
 v - 4 potions of might
 A - a potion of haste
 E - 5 potions of lignification
 F - 9 potions of curing
 G - 2 potions of flight
 H - 5 potions of mutation
 J - a potion of cancellation
 O - a potion of magic
Comestibles
 b - 33 rations


   Skills:
 + Level 19.2 Fighting
 + Level 8.8 Armour
 - Level 1.5 Dodging
 * Level 20.1 Unarmed Combat


You had 15 spell levels left.
You didn't know any spells.
Your spell library was empty.

Dungeon Overview and Level Annotations

Branches:
Dungeon (15/15)            Temple (0/1) D:7            Lair (6/6) D:11
  Swamp (1/4) Lair:4        Snake (0/4) Lair:3        Slime (0/5) Lair:5
    Orc (2/2) D:12            Elf (0/3) Orc:2        Vaults (0/5) D:13
 Depths (0/5) D:15        Gauntlet (visited)

Altars:
Ashenzari
Gozag
Makhleb
Xom
Beogh
Jiyva

Shops:
D:5 *   D:11 :   Orc:2 *(!?

Annotations:
Lair:1 exclusion: oklob plant
Lair:4 exclusion: 3 oklob plants


Innate Abilities, Weirdness & Mutations

You are resistant to torment.
Your stone body is resilient. (AC +12)
You are immune to poison.
Your large and strong wings let you fly indefinitely.
You resist negative energy. (rN+)
You are resistant to electric shocks. (rElec)
You can survive without breathing.
You are immune to petrification.
You are immune to rotting.
Scrolls take you a little longer to read.


Message History

You pummel the alligator!!
You kill the alligator!
Trog accepts your kill.
You pummel the hornet!!
You kill the hornet!
Trog accepts your kill.
You are no longer berserk.
You are exhausted.
You feel as though you will be slow longer.
The alligator bites you but does no damage.
The alligator tail-slaps you but does no damage.
The alligator slows down.
The alligator bites you but does no damage.
You block the alligator's attack.
The alligator bites you but does no damage.
The alligator tail-slaps you but does no damage.
You pummel the alligator like a punching bag!!!
The alligator is heavily wounded.
The alligator bites you.
You die...

≈≈..≈≈≈≈≈≈≈≈
...≈≈≈≈≈≈≈≈≈≈≈... ..≈≈
..≈≈≈≈≈≈≈≈≈≈≈≈≈.♣♣♣♣.≈≈≈
..≈≈≈≈≈≈_≈≈≈≈≈≈......)≈≈
..≈≈≈≈≈≈≈≈≈≈≈≈≈..≈..≈...
...≈≈≈≈≈≈≈≈≈≈≈..≈≈≈≈≈≈≈.
≈≈.≈≈≈≈≈≈≈≈≈.....≈≈≈≈≈≈.
≈≈...≈≈≈≈≈...≈.†t≈≈≈≈≈≈≈
≈≈≈≈.........≈.≈@≈≈≈≈≈≈.
..≈...≈..(≈≈.≈.≈♣♣≈..≈≈.
≈.♣≈≈.≈...≈≈...♣♣ ♣.≈≈≈
≈.≈.≈≈≈♣♣≈.≈.♣♣♣ ≈≈≈
≈.♣...♣♣♣♣♣♣♣♣ .
.≈♣.≈≈..♣♣ ♣♣♣.≈≈≈..♣
♣.≈≈≈≈≈.♣ ♣≈≈≈≈≈.♣♣


You could see an alligator.

Vanquished Creatures
  A thorn hunter (Swamp:1)
  Kirke (Lair:4)
  An orc warlord (Orc:2)
  A minotaur (Gauntlet)
  An ettin (Orc:2)
  The ghost of Aricsoirch the Bludgeoner, a journeyman GrFi of Okawaru (Lair:4)
  The ghost of mopl the Cleaver, a journeyman DsGl of Makhleb (Lair:5)
  Snorg (D:10)
  Fannar (Orc:1)
  12 hydras
  A shambling mangrove (Swamp:1)
  2 centaur warriors
  A ghost crab (Swamp:1)
  2 dancing weapons (D:13)
  4 alligators (Swamp:1)
  2 death scarabs (Gauntlet)
  8 two-headed ogres
  5 orc high priests (Orc:2)
  Nergalle (Lair:1)
  4 slime creatures
  2 skeletal warriors
  2 unseen horrors
  A swamp dragon (Lair:4)
  Pikel (D:5)
  A phantasmal warrior (D:15)
  The ghost of NebNelluc the Thaumaturge, a novice DEWz of Sif Muna (D:8)
  A necromancer (D:15)
  6 orc knights
  3 orc sorcerers
  2 deep elf magi
  14 ugly things
  3 cyclopes
  A manticore (D:14)
  A fire giant zombie (D:15)
  A stone giant zombie (D:15)
  3 elephants (Lair:6)
  A centaur zombie (D:13)
  A molten gargoyle (Lair:5)
  Maurice (Orc:2)
  3 black mambas
  3 rime drakes
  23 spiny frogs
  A smoke demon (Gauntlet)
  A spriggan skeleton (D:15)
  2 gargoyles
  An efreet (D:15)
  5 yaktaurs (D:15)
  5 komodo dragons
  A komodo dragon (shapeshifter) (D:15)
  A kobold demonologist (D:14)
  7 trolls
  9 tyrant leeches
  5 polar bears
  Grinder (D:3)
  A merfolk (D:11)
  20 blink frogs
  A fire dragon zombie (D:15)
  9 hornets
  11 dream sheep
  6 bog bodies (Swamp:1)
  16 hippogriffs
  2 spectral black mambas (Gauntlet)
  6 spriggans
  6 wyverns
  A wraith (D:13)
  A spriggan (shapeshifter) (D:14)
  A shadow (D:14)
  Sigmund (D:3)
  5 hogs
  38 yaks
  2 hungry ghosts
  2 basilisks (D:11)
  2 steam dragons
  9 vampire mosquitoes
  5 wargs
  An acid dragon (D:11)
  4 nagas (Lair:3)
  8 swamp worms
  9 water moccasins
  9 porcupines
  36 orc warriors
  A sky beast (D:9)
  A swamp drake (Swamp:1)
  2 ice beasts
  4 slaves (D:5)
  6 black bears
  An eye of draining (D:14)
  2 phantoms
  A necrophage (D:10)
  6 wolves
  7 centaurs
  A boggart (Lair:5)
  19 ogres
  11 crocodiles
  3 big kobolds
  33 bullfrogs
  A wyvern zombie (D:13)
  A gnoll sergeant (D:7)
  A wyvern skeleton (D:15)
  A water moccasin zombie (D:9)
  6 scorpions
  29 wights
  An electric eel (Lair:6)
  6 howler monkeys
  10 crimson imps
  12 jellies
  A bullfrog zombie (D:12)
  7 hounds
  A quasit (D:14)
  Crazy Yiuf (D:3)
  28 orc priests
  15 orc wizards
  3 bullfrog skeletons
  Jessica (D:2)
  3 iguanas
  11 worker ants
  A hound skeleton (D:5)
  A hound zombie (D:6)
  3 worker ant zombies
  Robin (D:3)
  4 gnolls
  9 adders
  5 shadow imps
  16 oozes
  3 adder zombies
  2 adder skeletons
  A worm (D:5)
  2 dart slugs
  5 leopard geckos
  99 orcs
  4 bats
  4 giant cockroaches
  11 hobgoblins
  7 jackals
  A quokka (D:3)
  3 ball pythons
  3 frilled lizards
  11 goblins
  19 kobolds
  A leopard gecko zombie (D:7)
  5 rats
  A fungus (Lair:6)
836 creatures vanquished.

Vanquished Creatures (collateral kills)
  2 yaks (Lair:6)
2 creatures vanquished.

Vanquished Creatures (others)
  2 demonic plants (Gauntlet)
  14 fungi
  38 plants
54 creatures vanquished.

Grand Total: 892 creatures vanquished

Notes
Turn   | Place    | Note
-------+----------+-------------------------------------------
     0 | D:1      | HoaS the Gargoyle Berserker began the quest for the Orb.
     0 | D:1      | Reached XP level 1. HP: 14/14 MP: 1/1
   370 | D:1      | Reached XP level 2. HP: 17/19 MP: 2/2
   767 | D:1      | Reached XP level 3. HP: 24/24 MP: 3/3
  1102 | D:2      | Reached skill level 4 in Unarmed Combat
  1106 | D:2      | Reached ** piety under Trog
  1311 | D:2      | Noticed Jessica
  1332 | D:2      | Reached XP level 4. HP: 26/29 MP: 4/4
  1339 | D:2      | Killed Jessica
  2120 | D:3      | Noticed Sigmund
  2126 | D:3      | Killed Sigmund
  2126 | D:3      | Reached skill level 5 in Unarmed Combat
  2126 | D:3      | Reached XP level 5. HP: 34/34 MP: 5/5
  2126 | D:3      | Reached XP level 6. HP: 40/40 MP: 6/6
  2178 | D:3      | Noticed Grinder
  2184 | D:3      | Paralysed by Grinder for 7 turns
  2212 | D:3      | Paralysed by Grinder for 4 turns
  2225 | D:3      | Killed Grinder
  2225 | D:3      | Reached skill level 5 in Fighting
  2225 | D:3      | Reached skill level 6 in Unarmed Combat
  2225 | D:3      | Reached XP level 7. HP: 27/44 MP: 7/7
  2335 | D:3      | Reached skill level 12 in Unarmed Combat
  2335 | D:3      | Reached XP level 8. HP: 55/57 MP: 8/8
  2453 | D:3      | Noticed Robin
  2461 | D:3      | Killed Robin
  2619 | D:3      | Found a runed translucent door.
  2620 | D:3      | Noticed Crazy Yiuf
  3020 | D:3      | Paralysed by Crazy Yiuf for 3 turns
  3025 | D:3      | Killed Crazy Yiuf
  3177 | D:4      | Reached skill level 10 in Fighting
  3298 | D:4      | Reached *** piety under Trog
  3533 | D:5      | Entered Level 5 of the Dungeon
  3563 | D:5      | Noticed Pikel
  3576 | D:5      | Killed Pikel
  3576 | D:5      | Reached XP level 9. HP: 57/62 MP: 9/9
  3690 | D:5      | Found Rasyubiu's Assorted Antiques.
  3739 | D:5      | Bought a steel ring for 135 gold pieces
  4158 | D:5      | Got a steaming cloak
  4169 | D:5      | Identified the cursed +0 cloak "Liejuafo" {SInv} (You found
                  | it on level 5 of the Dungeon)
  4378 | D:6      | Reached skill level 13 in Unarmed Combat
  4480 | D:6      | Reached **** piety under Trog
  4677 | D:6      | Noticed a cyan ugly thing
  4733 | D:6      | Found a burning altar of Makhleb.
  4792 | D:7      | Found a staircase to the Ecumenical Temple.
  5045 | D:7      | Reached XP level 10. HP: 58/68 MP: 10/10
  5854 | D:8      | Got a sparkling glass ring
  5878 | D:8      | Identified the cursed ring "Fisurr" {*Contam rElec rPois
                  | Str-5 Dex-4} (You found it on level 8 of the Dungeon)
  5925 | D:8      | Gained mutation: Scrolls take you a little longer to read.
                  | [mutagenic glow]
  5965 | D:8      | Found a runed translucent gate.
  5965 | D:8      | Found a runed translucent gate.
  5965 | D:8      | Found a runed translucent gate.
  5967 | D:8      | Found an opulent altar of Gozag.
  5967 | D:8      | Noticed a centaur warrior
  5968 | D:8      | Noticed NebNelluc's ghost (novice DEWz)
  6140 | D:8      | Noticed a two-headed ogre
  6162 | D:8      | Killed a two-headed ogre
  6401 | D:8      | Reached ***** piety under Trog
  6785 | D:8      | Killed a centaur warrior
  6785 | D:8      | Reached skill level 14 in Unarmed Combat
  6792 | D:8      | Killed NebNelluc's ghost
  6849 | D:9      | Noticed a two-headed ogre
  6856 | D:8      | Killed a two-headed ogre
  6856 | D:8      | Reached XP level 11. HP: 61/76 MP: 11/11
  6982 | D:9      | Noticed a two-headed ogre
  6992 | D:9      | Killed a two-headed ogre
  7917 | D:10     | Entered Level 10 of the Dungeon
  8008 | D:10     | Found a huge runed translucent gate.
  8008 | D:10     | Found a huge runed translucent gate.
  8008 | D:10     | Found a huge runed translucent gate.
  8009 | D:10     | Found a huge runed translucent gate.
  8024 | D:10     | Noticed an unseen horror
  8034 | D:10     | Killed an unseen horror
  8034 | D:10     | Reached skill level 15 in Unarmed Combat
  8385 | D:10     | Noticed Snorg
  8391 | D:10     | Killed Snorg
  8782 | D:10     | Received a gift from Trog
  8818 | D:10     | Reached XP level 12. HP: 52/82 MP: 12/12
  9218 | D:11     | Noticed a two-headed ogre
  9236 | D:10     | Killed a two-headed ogre
  9236 | D:10     | Reached skill level 16 in Unarmed Combat
  9502 | D:11     | Noticed a two-headed ogre
  9547 | D:10     | Killed a two-headed ogre
  9715 | D:11     | Found Hirogimm's Book Boutique.
  9946 | D:11     | Received a gift from Trog
  9984 | D:11     | Found a staircase to the Lair.
 10325 | D:12     | Found a staircase to the Orcish Mines.
 10467 | D:12     | Noticed a two-headed ogre
 10484 | D:12     | Killed a two-headed ogre
 10967 | Lair:1   | Entered Level 1 of the Lair of Beasts
 10976 | Lair:1   | Reached skill level 17 in Unarmed Combat
 11286 | Lair:1   | Noticed Nergalle
 11291 | Lair:1   | Killed Nergalle
 11291 | Lair:1   | Reached XP level 13. HP: 86/89 MP: 13/13
 13295 | Lair:3   | Found a gate leading to a gauntlet.
 13310 | Gauntlet | Entered a Gauntlet
 13310 | Gauntlet | Found a transporter.
 13324 | Gauntlet | Found a transporter.
 13335 | Gauntlet | Found a transporter.
 13337 | Gauntlet | Found a large runed translucent door.
 13337 | Gauntlet | Found a large runed translucent door.
 13338 | Gauntlet | Found a large runed translucent door.
 13338 | Gauntlet | Found a large runed translucent door.
 13339 | Gauntlet | Found a large runed translucent door.
 13339 | Gauntlet | Found a large runed translucent door.
 13339 | Gauntlet | Found a runed translucent door.
 13339 | Gauntlet | Found a runed translucent door.
 13339 | Gauntlet | Found a large runed translucent door.
 13340 | Gauntlet | Found a transporter.
 13355 | Gauntlet | Found a transporter.
 13370 | Gauntlet | Found a large runed translucent door.
 13371 | Gauntlet | Found a large runed translucent door.
 13372 | Gauntlet | Found a large runed translucent door.
 13372 | Gauntlet | Found a large runed translucent door.
 13373 | Gauntlet | Found a runed translucent gate.
 13374 | Gauntlet | Found a transporter.
 13374 | Gauntlet | Found a runed translucent gate.
 13375 | Gauntlet | Found a runed translucent gate.
 13376 | Gauntlet | Found a large runed translucent door.
 13376 | Gauntlet | Found a large runed translucent door.
 13377 | Gauntlet | Found a large runed translucent door.
 13378 | Gauntlet | Found a large runed translucent door.
 13386 | Gauntlet | Found a transporter.
 13398 | Gauntlet | Found a transporter.
 13404 | Gauntlet | Found a transporter.
 13404 | Gauntlet | Found a transporter.
 13419 | Gauntlet | Found a transporter.
 13425 | Gauntlet | Found a transporter.
 13440 | Gauntlet | Found the cursed +13 scythe of Curses {drain, *Curse}
 13440 | Gauntlet | Found a transporter.
 13457 | Gauntlet | Found a transporter.
 13477 | Gauntlet | Found a transporter.
 13502 | Gauntlet | Found a transporter.
 13504 | Gauntlet | Found a transporter.
 13524 | Gauntlet | Found a transporter.
 13598 | Gauntlet | Found a large runed translucent door.
 13799 | Gauntlet | Received a gift from Trog
 14203 | Gauntlet | HP: 4/136 [spectral black mamba (4)]
 14219 | Gauntlet | Reached skill level 18 in Unarmed Combat
 14234 | Gauntlet | Got a pair of crude gloves
 14245 | Gauntlet | Identified the +0 pair of gloves of Slovenliness {rElec}
                  | (You found it in a Gauntlet)
 14362 | Gauntlet | Noticed a minotaur
 14373 | Gauntlet | Killed a minotaur
 14452 | Lair:3   | You fall into a shaft and drop 1 floor!
 14491 | Lair:4   | Reached skill level 15 in Fighting
 14517 | Lair:4   | Found a large runed translucent door.
 14517 | Lair:4   | Found a large runed translucent door.
 14518 | Lair:4   | Noticed Aricsoirch's ghost (journeyman GrFi)
 14745 | Lair:3   | Got a pair of heavily runed boots
 14756 | Lair:3   | Identified the +3 pair of boots of Autumn {Int+3} (You
                  | found it on level 3 of the Lair of Beasts)
 14797 | Lair:3   | Found a staircase to the Snake Pit.
 15319 | Lair:4   | Gained mutation: Your large and strong wings let you fly
                  | indefinitely. [Gargoyle growth]
 15319 | Lair:4   | Reached XP level 14. HP: 90/99 MP: 14/14
 15866 | Lair:4   | Noticed Kirke
 15878 | Lair:4   | Killed Kirke
 16132 | Lair:4   | Found a staircase to the Swamp.
 16614 | Lair:5   | Found a viscous altar of Jiyva.
 16614 | Lair:5   | Found a staircase to the Slime Pits.
 16781 | Lair:5   | Received a gift from Trog
 17056 | Lair:5   | Found a runed translucent door.
 17150 | Lair:5   | Identified the +3 spear of Truncation {elec, MP+9 Str+3}
 17150 | Lair:5   | Noticed mopl's ghost (journeyman DsGl)
 17274 | Lair:6   | Entered Level 6 of the Lair of Beasts
 17923 | Lair:6   | Reached ****** piety under Trog
 17940 | Lair:6   | Received a gift from Trog
 18665 | Lair:5   | Reached XP level 15. HP: 66/108 MP: 15/15
 18679 | Lair:5   | Killed mopl's ghost
 18927 | Lair:4   | Killed Aricsoirch's ghost
 19116 | D:13     | Found a gate to the Vaults.
 19243 | D:13     | Reached skill level 5 in Armour
 20043 | D:14     | Received a gift from Trog
 20376 | D:15     | Entered Level 15 of the Dungeon
 20860 | D:15     | Found a staircase to the Depths.
 21042 | D:15     | Reached skill level 19 in Unarmed Combat
 21993 | Orc:1    | Entered Level 1 of the Orcish Mines
 22195 | Orc:2    | Entered Level 2 of the Orcish Mines
 22525 | Orc:2    | Noticed an orc warlord
 22640 | Orc:2    | Killed an orc warlord
 22674 | Orc:2    | Found a staircase to the Elven Halls.
 22753 | Orc:2    | Found a shimmering altar of Xom.
 22860 | Orc:2    | Received a gift from Trog
 22904 | Orc:2    | Noticed Maurice
 22913 | Orc:2    | Killed Maurice
 22913 | Orc:2    | Reached XP level 16. HP: 67/116 MP: 16/16
 24035 | Orc:2    | Found Utihua's Magic Scroll Boutique.
 24037 | Orc:2    | Found Agius's Distillery.
 24053 | Orc:2    | Found Ossifus's Weapon Boutique.
 24054 | Orc:2    | Found Unlaups's Assorted Antiques.
 24060 | Orc:2    | Bought a scroll of teleportation for 39 gold pieces
 24060 | Orc:2    | Bought a scroll of enchant armour for 97 gold pieces
 24060 | Orc:2    | Bought a scroll of enchant armour for 97 gold pieces
 24061 | Orc:2    | Bought a potion of curing for 39 gold pieces
 24061 | Orc:2    | Bought a potion of berserk rage for 65 gold pieces
 24061 | Orc:2    | Bought a potion of might for 52 gold pieces
 24061 | Orc:2    | Bought a potion of heal wounds for 65 gold pieces
 24061 | Orc:2    | Bought a potion of might for 52 gold pieces
 24061 | Orc:2    | Bought a potion of curing for 39 gold pieces
 24065 | Orc:2    | Bought a scroll labeled YCU QUD DOCHETH for 28 gold pieces
 24065 | Orc:2    | Bought a potion of mutation for 224 gold pieces
 24065 | Orc:2    | Bought an encrusted pearl ring for 140 gold pieces
 24065 | Orc:2    | Bought a potion of curing for 84 gold pieces
 24122 | Orc:1    | Noticed Fannar
 24621 | Orc:1    | Killed Fannar
 24932 | Orc:1    | Found a roughly hewn altar of Beogh.
 25250 | Swamp:1  | Entered Level 1 of the Swamp
 26050 | Swamp:1  | Reached skill level 20 in Unarmed Combat
 26053 | Swamp:1  | Received a gift from Trog
 26105 | Swamp:1  | Noticed a thorn hunter
 26116 | Swamp:1  | Killed a thorn hunter
 26571 | Swamp:1  | Found a shattered altar of Ashenzari.
 26645 | Swamp:1  | HP: 4/174 [alligator (12)]
 26650 | Swamp:1  | Slain by an alligator

Illustrated notes

Levels and vault maps discovered:
D:1:      dpeg_arrival_boxorama, layout_loops_ring
D:2:      layout_basic, minmay_pentomino_z2, uniq_jessica
D:3:      layout_basic, first_ration, hangedman_decor_clover_reticule,
          uniq_robin, uniq_grinder, uniq_crazy_yiuf_cottage, uniq_sigmund
D:4:      layout_basic
D:5:      layout_loops_ring, serial_shops, shop, kennysheep_generic_room_5,
          uniq_pikel
D:6:      layout_cave_pools, lemuel_coloured_pillars_altar,
          lightli_corner_chamber
D:7:      layout_cave_pods, minmay_temple_entry_overgrown
D:8:      layout_gridville, ebering_ghost_gozag
D:9:      layout_roguey
D:10:     lemuel_bear_cage, layout_basic, uniq_snorg
D:11:     layout_cave_pools, minmay_lair_entry_grove, serial_shops, shop,
          hangedman_fish_farm
D:12:     layout_roguey, orc_0_dummy
D:13:     layout_cave_pools, erik_vaults_1
D:14:     layout_irregular_city, minmay_staircase_windowed_large, minivault_12
D:15:     gammafunk_depths_entry_grave, layout_rooms, minmay_crystal_water
Lair:1:   lemuel_slime, layout_cave_pods, uniq_nergalle
Lair:2:   layout_cave_pods
Lair:3:   layout_roguey, minmay_snake_entry_guardpost_small,
          gauntlet_entry_generic
Lair:4:   layout_layer_cave, palyth_hydra_swamp_entry,
          ebering_ghost_disaster_area, grunt_megastairs_1,
          minmay_lair_oklob_chamber, uniq_kirke
Lair:5:   layout_gridlike, slime_altar_1, ebering_ghost_funeral_grove
Lair:6:   minmay_lair_end_frog_pond, layout_small_grid
Swamp:1:  layout_basic_swamp, lemuel_altar_in_water, nicolae_swamp_treefoil,
          swamp_pool3, infiniplex_staircase_pool_2, uniq_roxanne
Orc:1:    layout_caves, nicolae_orc_lost_temple, uniq_fannar
Orc:2:    st_orc_pillars, layout_diamond_mine, basic_altar, uniq_maurice

Skill      XL: |  1  2  3  4  5  6  7  8  9 10 11 12 13 14 15 16 |
---------------+-------------------------------------------------+-----
Unarmed Combat | 4 5 6 12 13 14 15 17 18 19 20 | 20.1
Fighting       | 4 5 9 10 11 12 13 15 18 19 | 19.2
Armour         | 3 7 8 |  8.8
Dodging        | |  1.5

Action                   |  1- 3 |  4- 6 |  7- 9 | 10-12 | 13-15 | 16-18 || total
-------------------------+-------+-------+-------+-------+-------+-------++-------
Melee: Unarmed           |   129 |    42 |   334 |   715 |  1473 |   453 ||  3146
       Punch             |     2 |     1 |     7 |    31 |    84 |    41 ||   166
Invok: Berserk           |       |     1 |       |     2 |     3 |     3 ||     9
       Trog's Hand       |       |     1 |       |     2 |     4 |       ||     7
 Abil: Fly               |       |       |       |       |     1 |       ||     1
Evoke: Wand              |       |       |       |     5 |       |       ||     5
  Use: Scroll            |       |     7 |     9 |    14 |    11 |     3 ||    44
       Potion            |       |       |     1 |       |     2 |       ||     3
  Eat: Chunk             |     1 |     4 |    10 |    23 |    31 |    13 ||    82
       Ration            |       |       |       |       |     4 |       ||     4
Armor: Animal skin       |     5 |       |       |       |       |       ||     5
       Scale mail        |    47 |       |       |       |       |       ||    47
       Plate armour      |     8 |    24 |   168 |   405 |   981 |   382 ||  1968
Dodge: Dodged            |    67 |     7 |    60 |   161 |   355 |   136 ||   786
Block: Other             |       |     1 |    52 |   108 |   259 |    90 ||   510
       Reflection        |       |       |     4 |     5 |     7 |     8 ||    24
